 Dungeon Crawl Stone Soup version 0.30.0-5-g1a98f26d00 (webtiles) character file.

Game seed: 17259489028264048235

129 GigaChad the Shield-Bearer (level 5, 0/42 HPs)
             Began as a Formicid Fighter on May 12, 2023.
             Slain by an orc
             ... wielding a +0 club
              (3 damage)
             ... on level 3 of the Dungeon.
             The game lasted 00:02:19 (1642 turns).

GigaChad the Shield-Bearer (Formicid Fighter)       Turns: 1642, Time: 00:02:19

Health: 0/42       AC:  7    Str: 22    XL:     5   Next: 35%
Magic:  5/5        EV:  9    Int:  8    God:
Gold:   134        SH:  5    Dex: 13    Spells: 4/4 levels left

rFire   . . .        a - +0 war axe
rCold   . . .        c - +0 buckler
rNeg    . . .        b - +0 scale mail
rPois   .            (helmet unavailable)
rElec   .            (no cloak)
rCorr   .            (no gloves)
SInv    +            (no boots)
Will    .....        (no amulet) Stlth
                     (no ring)
HPRegen 0.27/turn    (no ring)
MPRegen 0.09/turn

%: no passive effects
@: no status effects
A: permanent stasis, dig shafts and tunnels, antennae 3, four strong arms
a: Dig, Shaft Self


You were on level 3 of the Dungeon.
You visited 1 branch of the dungeon, and saw 3 of its levels.

You collected 134 gold pieces.

Inventory:

Hand Weapons
 a - a +0 war axe (weapon)
Armour
 b - a +0 scale mail (worn)
 c - a +0 buckler (worn)
Scrolls
 e - a scroll of poison {unknown}
 g - 3 scrolls of noise {unknown}
 i - a scroll of vulnerability {unknown}
 j - a scroll of fog {unknown}
 n - a scroll of fear {unknown}
 o - a scroll of identify {unknown}
Potions
 d - 2 potions of might
 f - a potion of attraction {unknown}
 h - a potion of invisibility {unknown}
 k - 2 potions of degeneration {unknown}
 l - a potion of lignification {unknown}
 m - a potion of brilliance {unknown}


   Skills:
 * Level 3.8 Fighting
 * Level 3.8 Axes
 * Level 4.0 Armour
 * Level 4.8 Shields


You had 4 spell levels left.
You didn't know any spells.
Your spell library contained the following spells:

 Spells                   Type           Power      Damage    Failure   Level
 Ignite Poison            Fire/Tmut/Pois 0%         N/A       99%         3
 Sticky Flame             Conj/Fire      0%         2d3       100%        4
 Ignition                 Fire           0%         3d3       100%        8


Dungeon Overview and Level Annotations

Branches:
Dungeon (3/15)

Altars:
Ashenzari

Shops:
D:2 ?


Innate Abilities, Weirdness & Mutations

You cannot be hasted, slowed, berserked, paralysed or teleported.
You can dig through walls and to a lower floor.
You have a pair of large antennae on your head. (SInv)
Your four strong arms can wield two-handed weapons with a shield.


Message History

You closely miss the orc wizard.
The orc wizard is heavily wounded.
The orc wizard hits you but does no damage.
You barely miss the orc wizard.
The orc wizard is heavily wounded.
The orc wizard barely misses you.
The orc wizard points at you and mumbles some strange words.
The puff of flame hits you!
You slash the orc wizard!
You kill the orc wizard!
You have reached level 5!
You slash the orc!
You kill the orc!
Unknown command.
You slash the orc priest!
The orc priest is heavily wounded.
The orc priest hits you with a +0 club.
The orc priest calls down the wrath of Beogh upon you.
Beogh smites you!
* * * LOW HITPOINT WARNING * * *
Unknown command.
You hit the orc priest.
The orc priest is severely wounded.
You block the orc priest's attack.
Unknown command.
You hit the orc priest but do no damage.
The orc priest is severely wounded.
The orc priest closely misses you.
Unknown command.
You slash the orc priest!
You kill the orc priest!
You block the orc's attack.
Your Armour skill increases to level 4!
Unknown command.
You hit the orc but do no damage. The orc hits you but does no damage.
Unknown command.
You closely miss the orc. The orc hits you but does no damage.
Unknown command.
You hit the orc but do no damage. The orc hits you with a +0 club.
You die...

#. #. ..
##.####### .. .
.......... .#...
#.......###.$....
#........@oo#
#........##.#
#........# ..
#..>....###.##.#
#.##.)†.# #.# #
#..#..###.#
#.###.##..# ###
... ##.....# ....
...
#...##.###.#..


You could see 2 orcs.

Vanquished Creatures
  2 orc priests (D:3)
  An orc wizard (D:3)
  A worm (D:2)
  3 dart slugs
  5 orcs (D:3)
  An endoplasm (D:1)
  A giant cockroach (D:1)
  6 hobgoblins
  3 kobolds
  A quokka (D:1)
  5 ball pythons
  3 bats
  A frilled lizard (D:1)
  A goblin (D:2)
  5 rats
39 creatures vanquished.

Notes
Turn   | Place    | Note
-------+----------+-------------------------------------------
     0 | D:1      | GigaChad the Formicid Fighter began the quest for the Orb.
     0 | D:1      | Reached XP level 1. HP: 18/18 MP: 1/1
   132 | D:1      | Reached XP level 2. HP: 23/24 MP: 2/2
   799 | D:2      | Reached XP level 3. HP: 28/29 MP: 3/3
   882 | D:2      | Found Jeygaen's Magic Scroll Shoppe.
  1133 | D:2      | Found a broken altar of Ashenzari.
  1507 | D:3      | Found a faded altar of an unknown god.
  1514 | D:3      | Reached XP level 4. HP: 30/36 MP: 4/4
  1635 | D:3      | Reached XP level 5. HP: 13/42 MP: 5/5
  1636 | D:3      | HP: 1/42 [orc priest/divine providence (12)]
  1642 | D:3      | Slain by an orc

Illustrated notes

Levels and vault maps discovered:
D:1:      heliophobic_arrival_ceremonial_halls, layout_basic
D:2:      layout_basic, basic_altar, serial_shops, shop
D:3:      layout_rooms, dreamdust_ecumenical_altar_grove

Skill      XL: |  1  2  3  4  5 |
---------------+----------------+-----
Axes           | 3 |  3.8
Armour         | 4 |  4.0
Fighting       | |  3.8
Shields        | |  4.8

Action                     |  1- 3 |  4- 6 || total
---------------------------+-------+-------++-------
  Melee: War axe           |    81 |    50 ||   131
 Armour: Scale mail        |    21 |    27 ||    48
  Dodge: Dodged            |    37 |    22 ||    59
  Block: Buckler           |    24 |    14 ||    38
